 Dungeon Sprint DCSS version 0.31-a0-1555-g5715333c33 (webtiles) character file.

Game seed: 830659447808328617

27610 Conn the Eclecticist (level 13, -23/78 HPs)
             Began as an Octopode Fire Elementalist on Jan 3, 2024.
             Was a High Priest of Sif Muna.
             Killed from afar by Roxanne (84 damage)
             ... with a crystal spear
             ... in the Dungeon (Sprint II: "The Violet Keep of Menkaure") on Jan 4, 2024.
             The game lasted 00:58:51 (3546 turns).

Conn the Eclecticist (Octopode Fire Elementalist)   Turns: 3546, Time: 00:58:51

Health: -23/78     AC:  6    Str:  9    XL:     13   Next: 33%
Magic:  6/34       EV: 13    Int: 22    God:    Sif Muna [*****.]
Gold:   203        SH: 17    Dex: 14    Spells: 1/46 levels left

rFire   + + .        a - staff of the Past {rF+ Stlth+ Fire Alchemy}
rCold   + . .        p - +1 kite shield
rNeg    + . .        s - +1 hat "Onoodoc" {Str+2 Int+2 Dex-3}
rPois   +            h - amulet of reflection
rElec   .            e - ring of flight
rCorr   .            j - ring of positive energy
SInv    .            y - ring of protection from cold
Will    .....        z - +4 ring of protection
Stlth   ++++++       t - ring of wizardry
HPRegen 0.33/turn    (no ring)
MPRegen 0.24/turn    (no ring)
                     (no ring)

%: no teleportation, reflection, wizardry (x1)
@: channelling, flying, very slightly contaminated
A: almost no armour, amphibious, 8 rings, camouflage 1, gelatinous body 1,
nimble swimmer 1, tentacles, agile 1, fire resistance 1, poison resistance,
MP-powered wands, persistent drain
a: Renounce Religion, Channel Magic, Forget Spell, Divine Exegesis


You were in the Dungeon.
You worshipped Sif Muna.
Sif Muna was extremely pleased with you.
You visited 1 branch You collected 3798 gold pieces.
You spent 3595 gold pieces at shops.

Inventory:

Hand Weapons
 b - the +10 short sword "Zagaum Uduec" {protect, *Slow +Blink rElec rF+}
   (You bought it in a shop in the Dungeon)

   rF+:       It protects you from fire.
   rElec:     It insulates you from electricity.
   +Blink:    It lets you blink.
   *Slow:     It may slow you when you take damage.
 c - the +6 spear of Ylommyeff {flame, Str+3}
   (You bought it in a shop in the Dungeon)

   Str+3:     It affects your strength (+3).
 i - the +3 orcbow of Kismet {drain, rN+ Dex+3}
   (You found it in the Dungeon)

   Dex+3:     It affects your dexterity (+3).
   rN+:       It protects you from negative energy.
Missiles
 r - 6 poisoned darts (quivered)
Armour
 p - a +1 kite shield (worn)
 s - the +1 hat "Onoodoc" (worn) {Str+2 Int+2 Dex-3}
   (You acquired it in the Dungeon)

   Str+2:     It affects your strength (+2).
   Int+2:     It affects your intelligence (+2).
   Dex-3:     It affects your dexterity (-3).
Magical Staves
 a - the staff of the Past (weapon) {rF+ Stlth+ Fire Alchemy}
   (You acquired it in the Dungeon)

   [staff of fire]

   Base accuracy: +5 Base damage: 5 Base attack delay: 1.2 This weapon's minimum
   attack delay (0.6) is reached at skill level 12.
   rF+:       It protects you from fire.
   Stlth+:    It makes you more stealthy.
   Fire:      It increases the power of your Fire spells.
   Alchemy:   It increases the power of your Alchemy spells.
   It falls into the 'Staves' category.
   It is a one-tentacled weapon.
Jewellery
 e - a ring of flight (left tentacle)
 h - an amulet of reflection (around mantle)
 j - a ring of positive energy (right tentacle)
 t - a ring of wizardry (on tentacle)
 y - a ring of protection from cold (on tentacle)
 z - a +4 ring of protection (on tentacle)
Wands
 x - a wand of polymorph (3)
Scrolls
 f - a scroll of amnesia
 l - a scroll of enchant weapon
 m - a scroll of poison
 o - a scroll of vulnerability
 A - a scroll of identify
 B - a scroll of fog
Potions
 d - 3 potions of lignification
 g - 6 potions of magic
 k - 10 potions of enlightenment
 n - 2 potions of haste
 q - 3 potions of resistance
 u - 3 potions of curing
 v - a potion of cancellation
 w - a potion of mutation
 C - a potion of heal wounds


   Skills:
 + Level 3.4 Fighting
 + Level 1.1 Short Blades
 - Level 1.2 Ranged Weapons
 - Level 2.6 Throwing
 - Level 5.1 Dodging
 - Level 5.0 Stealth
 + Level 8.8 Shields
 - Level 2.0 Unarmed Combat
 * Level 17.2 Spellcasting
 * Level 12.3 Conjurations
 - Level 5.3 Hexes
 * Level 9.3 Summonings
 - Level 5.0 Translocations
 + Level 16.8 Fire Magic
 + Level 0.3 Ice Magic
 + Level 0.4 Air Magic
 + Level 0.7 Alchemy
 + Level 12.5 Invocations
 + Level 10.1 Evocations


You had one spell level left.
You knew the following spells:

 Your Spells              Type           Power      Damage    Failure   Level
a - Foxfire               Conj/Fire      100%       2x1d9     1%          1
b - Scorch                Fire           100%       2d9       0%          2
c - Inner Flame           Hex/Fire       79%        N/A       1%          3
d - Flame Wave            Conj/Fire      90%        2d19      1%          4
e - Summon Small Mammal   Summ           100%       N/A       1%          1
f - Summon Forest         Summ/Tloc      25%        N/A       6%          5
g - Summon Cactus Giant   Summ           28%        N/A       13%         6
h - Iskenderun's Mystic   Conj/Tloc      54%        2d12      1%          4
i - Mephitic Cloud        Conj/Alch/Air  55%        N/A       1%          3
j - Summon Ice Beast      Ice/Summ       40%        N/A       1%          3
k - Orb of Destruction    Conj           32%        9d10      21%         7
l - Starburst             Conj/Fire      45%        6d13      1%          6

Your spell library contained the following spells:

 Spells                   Type           Power      Damage    Failure   Level
 Apportation              Tloc           80%        N/A       1%          1
 Magic Dart               Conj           100%       1d8       1%          1
 Sting                    Conj/Alch      100%       1d9       1%          1
 Necrotise                Necr           72%        1d7       4%          1
 Momentum Strike          Conj/Tloc      100%       3d10      1%          2
 Gell's Gravitas          Tloc           40%        N/A       1%          3
 Tukima's Dance           Hex            42%        N/A       1%          3
 Volatile Blastmotes      Fire/Tloc      100%       2d18      1%          3
 Ignite Poison            Fire/Alch      92%        N/A       1%          4
 Sticky Flame             Fire/Alch      92%        2d14      1%          4
 Cause Fear               Hex            21%        N/A       4%          4
 Dimensional Bullseye     Hex/Tloc       20%        N/A       4%          4
 Passage of Golubria      Tloc           40%        N/A       5%          4
 Summon Mana Viper        Hex/Summ       50%        N/A       6%          5
 Anguish                  Hex/Necr       15%        N/A       13%         4
 Vhi's Electric Charge    Tloc/Air       60%        N/A       13%         4
 Ignition                 Fire           48%        3d14      26%         8
 Metabolic Englaciation   Hex/Ice        15%        N/A       32%         5
 Summon Hydra             Summ           28%        N/A       56%         7
 Enfeeble                 Hex            21%        N/A       97%         7
 Death Channel            Necr           9%         N/A       99%         6
 Haunt                    Necr/Summ      19%        N/A       99%         7
 Dragon's Call            Summ           28%        N/A       100%        9


Dungeon Overview and Level Annotations

Branches:
Dungeon (1/1)

Altars:
Cheibriados
Dithmenos
Elyvilon
Fedhas
Gozag
Hepliaklqana
Kikubaaqudgha
Makhleb
Nemelex Xobeh
Okawaru
Qazlal
Ru
Sif Muna
Trog
Uskayaw
Vehumet
Wu Jian
Xom
Yredelemnul
Zin
The Shining One
Jiyva
Lugonu

Shops:
D :*!:[?=!**!(:(:![=:[[[?=[**?(:?

Annotations:
D exclusion: oklob plant, Roxanne


Innate Abilities, Weirdness & Mutations

You cannot wear most types of armour.
You are amphibious.
You can wear up to eight rings at the same time.
Your skin changes colour to match your surroundings (Stealth+).
Your rubbery body absorbs attacks. (AC +1, EV +1)
You are camouflaged when in or above water. (Stealth+)
You have tentacles for arms and can constrict up to eight enemies at once.
You are agile. (Dex +4, Str/Int -1)
Your flesh is heat resistant. (rF+)
Your system is resistant to poisons. (rPois)
You expend magic power (3 MP) to strengthen your wands.
Your health recovers twice as slowly from being drained.


Message History

Casting: Orb of Destruction (quite dangerous; 21% risk of failure)
Confirm with . or Enter, or press ? or * to list all spells.
Unknown command.
Unknown command.
Unknown command.
Unknown command.
Unknown command.
Unknown command.
Press: ? - help, v - describe, . - travel
Here: a cactus giant, wielding a +0 giant spiked club (rain, summoned, friendly) Some shallow water, summoned.
Unknown command.
Unknown command.
Unknown command.
Your cactus giant hits Roxanne but does no damage.
What are your orders? t - Shout!
Orders for allies: a - Attack new target. p - Attack previous target. r - Retreat! s - Stop attacking. g - Guard the area. f - Follow me.
Anything else - Cancel.
Guard this area!
Unknown command.
Casting: Summon Cactus Giant (quite dangerous; 13% risk of failure)
Confirm with . or Enter, or press ? or * to list all spells.
Okay, then.
Casting: Summon Cactus Giant (quite dangerous; 13% risk of failure)
Confirm with . or Enter, or press ? or * to list all spells.
Casting: Starburst (dangerous; 1% risk of failure)
Press: ? - help, Dir - look around, f - activate You feel a surge of power!
The bolt of fire hits Roxanne!
Roxanne resists.
Roxanne is lightly damaged.
Roxanne mumbles some strange words.
You block the crystal spear... and reflect it back!
The crystal spear hits Roxanne!!!
Your cactus giant hits Roxanne but does no damage.
Roxanne casts a spell.
The crystal spear hits you!!!!
Ouch! That really hurt!
You die... #+++#+++#~§≈≈§≈≈≈~#_._._._.#~~~§ .zzz.

##≈≈≈###≈≈#._._._._#§§~~
..○....z.##§≈#.#≈≈#.._._._.#~§§≈
.○...○○..°.+≈≈#'#≈≈#._._._..#~≈≈§
#.○.......##≈≈≈≈≈≈≈##########§≈§§
##.......###########~~~~~~~~~≈≈≈≈
####+####§§§~§~§###~########≈▓▓▓
##§§§§§C§§§##~# #▓▓
+~§§§§8§§@§§'§# ##§§~§§§§§§####
##~§§§§§§## ######### +33 ###


You could see Roxanne (ally target), 2 sixfirhies and a friendly cactus giant
(summoned).

Vanquished Creatures
  A kraken (D)
  A storm dragon (D)
  A frost giant (D)
  A yaktaur captain (D)
  A deep elf high priest (D)
  A centaur warrior (D)
  2 boulder beetles (D)
  A death yak (D)
  A skeletal warrior (D)
  2 death drakes (D)
  2 deep trolls (D)
  A manticore (D)
  3 shining eyes (D)
  A merfolk siren (D)
  An elephant (D)
  A kobold demonologist (D)
  A yaktaur (D)
  3 polar bears (D)
  A hornet (D)
  3 wyverns (D)
  3 yaks (D)
  4 neqoxecs (D)
  Menkaure (D)
  2 swamp drakes (D)
  3 black bears (D)
  4 crocodiles (D)
  A necrophage (D)
  4 scorpions (D)
  9 electric eels (D)
  An iron imp (D)
  A hell rat (D)
  2 spectral adders (D)
  2 tentacles (D)
66 creatures vanquished.

Vanquished Creatures (collateral kills)
  2 golden dragons (D)
  A bone dragon (D)
  A deep elf master archer (D)
  2 sphinxes (D)
  A storm dragon (D)
  Kirke (D)
  A cacodemon (D)
  A crystal guardian (D)
  2 manticores (D)
  2 polar bears (D)
14 creatures vanquished.

Vanquished Creatures (others)
  79 foxfires (D)
  15 tentacles (D)
94 creatures vanquished.

Grand Total: 174 creatures vanquished

Notes
Turn   | Place    | Note
-------+----------+-------------------------------------------
     0 | D        | Conn the Octopode Fire Elementalist began the quest for the
                  | Orb.
     0 | D        | Reached XP level 1. HP: 11/11 MP: 3/3
     2 | D        | Noticed a boulder beetle
     2 | D        | Noticed a boulder beetle
     5 | D        | Noticed a neqoxec
     8 | D        | Noticed a scorpion
     8 | D        | Noticed a scorpion
    11 | D        | Noticed a merfolk siren
    21 | D        | Killed a scorpion
    22 | D        | Reached skill level 3 in Spellcasting
    22 | D        | Reached XP level 2. HP: 17/17 MP: 1/6
    22 | D        | Reached XP level 3. HP: 21/21 MP: 1/7
    27 | D        | Killed a scorpion
    28 | D        | Reached skill level 4 in Spellcasting
    28 | D        | Reached XP level 4. HP: 27/27 MP: 1/10
    30 | D        | Noticed a scorpion
    30 | D        | Noticed a scorpion
    42 | D        | Killed a scorpion
    43 | D        | Reached skill level 5 in Stealth
    43 | D        | Reached skill level 1 in Unarmed Combat
    43 | D        | Reached XP level 5. HP: 28/31 MP: 3/11
    50 | D        | Reached XP level 6. HP: 21/37 MP: 4/13
    59 | D        | Learned a level 2 spell: Scorch
    63 | D        | Learned a level 3 spell: Inner Flame
    68 | D        | Learned a level 4 spell: Flame Wave
    84 | D        | Found Darriac's General Store.
    84 | D        | Found Heas Igy's Jewellery Shop.
    84 | D        | Found Jaipalim's Antique Armour Boutique.
    84 | D        | Found Rovod's Antique Armour Boutique.
    84 | D        | Found Hawaopnad's Assorted Antiques.
    84 | D        | Found Hiadoeno's Distillery.
    84 | D        | Found Tyek's Armour Shop.
    84 | D        | Found Vainomuris's Book Boutique.
    85 | D        | Found Doafodo's Magic Scroll Shop.
    85 | D        | Found Usizestrega's Antique Weapon Boutique.
    85 | D        | Found Niufahad's Distillery.
    85 | D        | Found Licugronk's Assorted Antiques.
    85 | D        | Noticed Menkaure
    88 | D        | Killed Menkaure
    89 | D        | Reached skill level 5 in Dodging
    89 | D        | Reached skill level 5 in Spellcasting
    89 | D        | Reached skill level 10 in Fire Magic
    92 | D        | Found Goupnuga's Jewellery Shop.
    92 | D        | Noticed a fire dragon
    92 | D        | Noticed an oklob plant
    93 | D        | Found Soffekh's Book Shoppe.
    93 | D        | Found Lemmam's Distillery.
    94 | D        | Noticed a hell hog
    94 | D        | Noticed a hell hog
    97 | D        | Noticed a great orb of eyes
    99 | D        | Bought an ebony spear for 144 gold pieces
    99 | D        | Identified the +6 spear of Ylommyeff {flame, Str+3} (You
                  | bought it in a shop in the Dungeon)
   109 | D        | Bought 2 potions of lignification for 78 gold pieces
   120 | D        | Noticed a laughing skull
   124 | D        | Noticed a laughing skull
   128 | D        | Reached skill level 5 in Conjurations
   129 | D        | Noticed a laughing skull
   130 | D        | Noticed a laughing skull
   134 | D        | Noticed a laughing skull
   142 | D        | Found an iron altar of Okawaru.
   142 | D        | Found a radiant altar of Vehumet.
   142 | D        | Found a glowing silver altar of Zin.
   143 | D        | Found a sparkling altar of Nemelex Xobeh.
   143 | D        | Found a hide-covered altar of Uskayaw.
   143 | D        | Found a basalt altar of Yredelemnul.
   144 | D        | Found an opulent altar of Gozag.
   144 | D        | Found a burning altar of Makhleb.
   144 | D        | Found a bloodstained altar of Trog.
   145 | D        | Found a blossoming altar of Fedhas.
   145 | D        | Found a corrupted altar of Lugonu.
   145 | D        | Found a shimmering blue altar of Sif Muna.
   146 | D        | Found a white marble altar of Elyvilon.
   146 | D        | Found an ancient bone altar of Kikubaaqudgha.
   147 | D        | Found a shadowy altar of Dithmenos.
   147 | D        | Found a viscous altar of Jiyva.
   147 | D        | Found a shimmering altar of Xom.
   147 | D        | Found a sacrificial altar of Ru.
   148 | D        | Found a snail-covered altar of Cheibriados.
   150 | D        | Found a hazy altar of Hepliaklqana.
   151 | D        | Found a glowing golden altar of the Shining One.
   151 | D        | Found an ornate altar of the Wu Jian Council.
   151 | D        | Found a stormy altar of Qazlal.
   157 | D        | Became a worshipper of Sif Muna the Loreminder
   173 | D        | Noticed a kraken
   296 | D        | Learned a level 1 spell: Summon Small Mammal
   315 | D        | Reached skill level 6 in Spellcasting
   315 | D        | Reached skill level 1 in Hexes
   315 | D        | Reached skill level 1 in Summonings
   315 | D        | Reached skill level 1 in Invocations
   315 | D        | Reached XP level 7. HP: 42/42 MP: 6/16
   323 | D        | Reached * piety under Sif Muna
   324 | D        | Reached skill level 1 in Fighting
   477 | D        | Noticed a deep troll
   478 | D        | Noticed a deep troll
   488 | D        | Killed a deep troll
   489 | D        | Reached skill level 7 in Spellcasting
   489 | D        | Reached XP level 8. HP: 48/48 MP: 4/19
   517 | D        | Killed a deep troll
   517 | D        | Reached ** piety under Sif Muna
   518 | D        | Reached skill level 1 in Throwing
   518 | D        | Reached skill level 8 in Spellcasting
   518 | D        | Reached skill level 5 in Hexes
   518 | D        | Reached skill level 5 in Invocations
   518 | D        | Reached XP level 9. HP: 26/54 MP: 8/21
   554 | D        | Noticed Roxanne
   641 | D        | Killed a kraken
   642 | D        | Reached skill level 9 in Spellcasting
   642 | D        | Reached skill level 5 in Summonings
   749 | D        | Noticed a yaktaur
   749 | D        | Noticed a hornet
   749 | D        | Noticed a polar bear
   749 | D        | Noticed a polar bear
   765 | D        | Killed a polar bear
   766 | D        | Killed a hornet
   767 | D        | Reached skill level 10 in Spellcasting
   832 | D        | Killed a yaktaur
   832 | D        | Reached *** piety under Sif Muna
   833 | D        | Reached XP level 10. HP: 61/61 MP: 9/24
  1042 | D        | Noticed a death drake
  1052 | D        | Killed a death drake
  1052 | D        | Reached **** piety under Sif Muna
  1053 | D        | Reached skill level 5 in Shields
  1127 | D        | Identified the +3 orcbow of Kismet {drain, rN+ Dex+3}
  1157 | D        | Killed a merfolk siren
  1158 | D        | Reached skill level 1 in Ranged Weapons
  1158 | D        | Reached skill level 11 in Spellcasting
  1284 | D        | Bought a glowing steel ring for 140 gold pieces
  1292 | D        | Bought a potion of heal wounds for 50 gold pieces
  1294 | D        | Bought an encrusted short sword for 232 gold pieces
  1294 | D        | Identified the +10 short sword "Zagaum Uduec" {protect,
                  | *Slow +Blink rElec rF+} (You bought it in a shop in the
                  | Dungeon)
  1386 | D        | Killed a boulder beetle
  1387 | D        | Reached skill level 1 in Evocations
  1392 | D        | Killed a boulder beetle
  1498 | D        | Gained mutation: You are dopey. (Int -2) [a neqoxec]
  1513 | D        | Reached ***** piety under Sif Muna
  1549 | D        | Reached XP level 11. HP: 43/66 MP: 1/26
  1690 | D        | Received a gift from Sif Muna
  1702 | D        | Reached skill level 12 in Spellcasting
  1829 | D        | Noticed Kirke
  1829 | D        | Noticed a yaktaur captain
  1829 | D        | Noticed a skeletal warrior
  1876 | D        | Bought a scroll labelled POSI KOACLUIFI for 29 gold pieces
  1876 | D        | Bought a scroll labelled KOANOAMMOGH for 29 gold pieces
  1881 | D        | Bought a scroll labelled BECZU PIMMUER for 28 gold pieces
  1882 | D        | Bought a ring of protection from cold for 250 gold pieces
  1888 | D        | Bought a scroll of identify for 20 gold pieces
  1922 | D        | Noticed a death drake
  1931 | D        | Killed a death drake
  1935 | D        | Noticed a crystal guardian
  2006 | D        | Received a gift from Sif Muna
  2007 | D        | Reached skill level 10 in Conjurations
  2007 | D        | Got Sif Muna's Vellum of Calling {god gift}
  2066 | D        | Noticed a deep elf master archer
  2074 | D        | Killed a crystal guardian
  2110 | D        | Killed a deep elf master archer
  2111 | D        | Reached skill level 15 in Fire Magic
  2111 | D        | Reached skill level 10 in Invocations
  2111 | D        | Reached skill level 5 in Evocations
  2129 | D        | Reached skill level 13 in Spellcasting
  2287 | D        | Received a gift from Sif Muna
  2292 | D        | Got Sif Muna's Omnibus of the Warped Graveyard {god gift}
  2302 | D        | Learned a level 5 spell: Summon Forest
  2349 | D        | Noticed a sphinx
  2349 | D        | Noticed a sphinx
  2352 | D        | Killed a sphinx
  2353 | D        | Reached skill level 1 in Translocations
  2357 | D        | Killed a sphinx
  2456 | D        | Learned a level 6 spell: Summon Cactus Giant
  2510 | D        | Noticed a storm dragon
  2513 | D        | Killed a storm dragon
  2514 | D        | Reached skill level 1 in Short Blades
  2514 | D        | Reached XP level 12. HP: 60/72 MP: 12/29
  2514 | D        | Found Yma Acu's Magic Scroll Boutique.
  2514 | D        | Found Taipojei's Book Shop.
  2514 | D        | Found Zuchola's Antique Weapon Emporium.
  2514 | D        | Found Huugilyn's Magic Scroll Boutique.
  2514 | D        | Noticed a golden dragon
  2519 | D        | Killed a golden dragon
  2520 | D        | Reached skill level 14 in Spellcasting
  2529 | D        | Bought the Notes on the Energetic Vector for 408 gold
                  | pieces
  2529 | D        | Bought Fougek's Elucidation of Impure Beguiling for 192
                  | gold pieces
  2529 | D        | Bought the Enchiridion on Phantasmal Glamour for 240 gold
                  | pieces
  2534 | D        | Learned a level 4 spell: Iskenderun's Mystic Blast
  2538 | D        | Learned a level 3 spell: Mephitic Cloud
  2542 | D        | Learned a level 3 spell: Summon Ice Beast
  2550 | D        | Learned a level 7 spell: Orb of Destruction
  2552 | D        | Identified 3 scrolls of acquirement
  2552 | D        | Acquired the +1 hat "Onoodoc" {Str+2 Int+2 Dex-3}
  2559 | D        | Acquired 1329 gold pieces
  2561 | D        | Acquired the staff of the Past {rF+ Stlth+ Fire Alchemy}
  2619 | D        | Bought a potion of curing for 39 gold pieces
  2619 | D        | Bought a potion of curing for 39 gold pieces
  2619 | D        | Bought a potion of cancellation for 104 gold pieces
  2619 | D        | Bought 2 potions of mutation for 208 gold pieces
  2619 | D        | Lost mutation: You are dopey. (Int -2) [potion of mutation]
  2619 | D        | Gained mutation: Your flesh is heat resistant. (rF+)
                  | [potion of mutation]
  2619 | D        | Gained mutation: Your system is resistant to poisons.
                  | (rPois) [potion of mutation]
  2619 | D        | Gained mutation: You expend magic power (3 MP) to
                  | strengthen your wands. [potion of mutation]
  2622 | D        | Bought a fluorescent wand for 112 gold pieces
  2624 | D        | Bought a potion of heal wounds for 65 gold pieces
  2624 | D        | Bought a potion of lignification for 39 gold pieces
  2624 | D        | Bought a potion of resistance for 130 gold pieces
  2624 | D        | Bought a potion of heal wounds for 65 gold pieces
  2624 | D        | Bought a potion of heal wounds for 65 gold pieces
  2631 | D        | Bought a +4 ring of protection for 432 gold pieces
  2633 | D        | Bought a scroll of identify for 24 gold pieces
  2633 | D        | Bought a scroll of fog for 48 gold pieces
  2645 | D        | Noticed a centaur warrior
  2660 | D        | Killed Kirke
  2671 | D        | Killed a yaktaur captain
  2672 | D        | Reached skill level 5 in Translocations
  2685 | D        | Killed a centaur warrior
  2708 | D        | Reached skill level 15 in Spellcasting
  2709 | D        | Noticed a cacodemon
  2714 | D        | Noticed a storm dragon
  2732 | D        | Gained mutation: You are agile. (Dex +4, Str/Int -1) [a
                  | cacodemon]
  2735 | D        | Gained mutation: Your health recovers twice as slowly from
                  | being drained. [a cacodemon]
  2736 | D        | Killed a cacodemon
  2741 | D        | Noticed a bone dragon
  2746 | D        | Noticed a golden dragon
  2754 | D        | Killed a golden dragon
  2761 | D        | Killed a bone dragon
  2762 | D        | Reached skill level 16 in Spellcasting
  2762 | D        | Reached XP level 13. HP: 77/77 MP: 8/33
  2811 | D        | Noticed a deep elf high priest
  2814 | D        | Noticed a frost giant
  2839 | D        | Killed a deep elf high priest
  2839 | D        | Received a gift from Sif Muna
  2850 | D        | Killed a frost giant
  2856 | D        | Killed a storm dragon
  3072 | D        | Got Rufupt's Tome of Damaging Resurrection {god gift}
  3080 | D        | Learned a level 6 spell: Starburst
  3295 | D        | Reached skill level 17 in Spellcasting
  3295 | D        | Reached skill level 10 in Evocations
  3373 | D        | Received a gift from Sif Muna
  3388 | D        | Found Hiriuseb's Book Emporium.
  3388 | D        | Found Tihipell's Antique Armour Shop.
  3388 | D        | Found Eghanun's General Store.
  3388 | D        | Found Ziomn's Magic Scroll Shoppe.
  3388 | D        | Found Qoatupnu's General Store.
  3389 | D        | Found Nefifewk's Distillery.
  3389 | D        | Found Jerasery's Book Boutique.
  3389 | D        | Found Omalujept's Book Emporium.
  3389 | D        | Found Sahil's Jewellery Shop.
  3389 | D        | Found Ytoabi's Antique Weapon Emporium.
  3389 | D        | Found Begh's Armour Shop.
  3389 | D        | Found Juow's Antique Armour Shoppe.
  3404 | D        | Bought a ring of wizardry for 330 gold pieces
  3410 | D        | Bought a potion of heal wounds for 55 gold pieces
  3546 | D        | Killed from afar by Roxanne

Illustrated notes

Levels and vault maps discovered:
D:        the_violet_keep_of_menkaure [sprint2_stairs_cluster_1,
          sprint2_shoproom, sprint2_temple, sprint2_basic_supplies,
          sprint2_obstacle_1, sprint2_obstacle_6, sprint2_obstacle_7,
          sprint2_obstacle_3, sprint2_obstacle_4, sprint2_timed_cluster_1,
          sprint2_smallroom_cluster_1, sprint2_smallroom_final_cluster_1,
          sprint2_transparent_cluster_1, sprint2_second_timed_cluster_1,
          sprint2_sniper_area_1, sprint2_heavy_combat_area_1,
          sprint2_mutation_trap_area_1, sprint2_forest_area_1,
          sprint2_light_combat_area_1, sprint2_behind_water_1,
          sprint2_near_end_vault_1]

Skill      XL: |  1  2  3  4  5  6  7  8  9 10 11 12 13 |
---------------+----------------------------------------+-----
Dodging        | 3 4 5 |  5.1
Stealth        | 4 5 |  5.0
Spellcasting   | 3 4 6 7 8 10 11 13 16 17 | 17.2
Fire Magic     | 6 7 8 9 10 11 13 14 15 16 | 16.8
Unarmed Combat | 1 2 |  2.0
Conjurations   | 2 3 5 6 7 8 9 10 11 12 | 12.3
Hexes          | 1 4 5 |  5.3
Summonings     | 1 4 5 6 8 9 |  9.3
Invocations    | 1 4 5 7 9 11 12 | 12.5
Fighting       | 1 2 3 |  3.4
Throwing       | 1 2 |  2.6
Shields        | 4 6 8 |  8.8
Ranged Weapons | 1 |  1.2
Evocations     | 3 7 9 10 | 10.1
Translocations | 3 5 |  5.0
Short Blades   | 1 |  1.1
Ice Magic      | |  0.3
Air Magic      | |  0.4
Alchemy        | |  0.7

Action                     |  1- 3 |  4- 6 |  7- 9 | 10-12 | 13-15 || total
---------------------------+-------+-------+-------+-------+-------++-------
  Melee: Unarmed           |     9 |    17 |       |       |       ||    26
         Tentacles         |     2 |     5 |     1 |     3 |       ||    11
         Constrict         |     2 |     2 |       |     2 |       ||     6
         Spear             |       |     1 |     6 |       |       ||     7
         Short sword       |       |       |       |    14 |     2 ||    16
  Throw: Dart              |       |     2 |     6 |     3 |       ||    11
   Cast: Foxfire           |     2 |     5 |    19 |    25 |     2 ||    53
         Scorch            |       |     5 |    20 |    69 |    11 ||   105
         Inner Flame       |       |     1 |     7 |    23 |     8 ||    39
         Summon Small Mamm |       |       |     7 |    13 |     2 ||    22
         Flame Wave        |       |       |       |    11 |     4 ||    15
         Dragon's Call     |       |       |       |     4 |       ||     4
         Summon Ice Beast  |       |       |       |     3 |     2 ||     5
         Iskenderun's Myst |       |       |       |     2 |     6 ||     8
         Summon Forest     |       |       |       |     1 |     1 ||     2
         Mephitic Cloud    |       |       |       |       |     3 ||     3
         Orb of Destructio |       |       |       |       |     1 ||     1
         Starburst         |       |       |       |       |     1 ||     1
         Summon Cactus Gia |       |       |       |       |     1 ||     1
 Invoke: Channel Magic     |       |       |     1 |     7 |     3 ||    11
         Divine Exegesis   |       |       |       |     4 |       ||     4
Ability: Evoke Blink       |       |       |       |     3 |     1 ||     4
    Use: Potion            |     2 |     1 |     2 |     4 |     4 ||    13
         Scroll            |       |       |     4 |     9 |       ||    13
   Stab: Sleeping          |       |       |       |     2 |     2 ||     4
 Armour: Skin              |     1 |     9 |    10 |    47 |    21 ||    88
  Dodge: Dodged            |     3 |    11 |     9 |    20 |    10 ||    53
  Block: Other             |       |       |     1 |     2 |       ||     3
         Kite shield       |       |       |       |    27 |    17 ||    44
         Reflection        |       |       |       |     1 |     1 ||     2

Table legend: (Time is in decaauts)
 A = Elapsed time spent in this place.
 B = Non-inter-level travel time spent in this place.
 C = Inter-level travel time spent in this place.
 D = Time resting spent in this place.
 E = Time spent auto-exploring this place.
 F = Levels seen in this place.
 G = Mean time per level.
                   A        B        C        D        E       F      G
               +--------+--------+--------+--------+--------+-----+--------+
         Total |   3561 |   3561 |      0 |   1563 |     34 |   1 | 3561.0 |
       Dungeon |   3561 |   3561 |      0 |   1563 |     34 |   1 | 3561.0 |
               +--------+--------+--------+--------+--------+-----+--------+

Top non-repeatable levels by time:
       D: 3561 daAuts
